 Dungeon Crawl Stone Soup version 0.27.0-1-g7a089689b8 (webtiles) character file.

Game seed: 8591679864426146794

56 sasquatch the Ruffian (level 3, -1/33 HPs)
             Began as an Ogre Transmuter on Aug 10, 2021.
             Slain by a goblin (4 damage)
             ... on level 2 of the Dungeon.
             The game lasted 00:03:40 (1529 turns).

sasquatch the Ruffian (Ogre Transmuter)             Turns: 1529, Time: 00:03:40

Health: -1/33      AC:  3    Str: 14    XL:     3   Next: 95%
Magic:  5/6        EV:  9    Int: 15    God:
Gold:   0          SH:  0    Dex:  9    Spells: 1/6 levels left

rFire    . . .     SeeInvis .     - Unarmed
rCold    . . .     Faith    .   (no shield)
rNeg     . . .     Spirit   .   a - +0 robe
rPois    .         Reflect  .   (helmet restricted)
rElec    .         Harm     .   (no cloak)
rCorr    .         Rampage  .   (gloves unavailable)
Will     .....                  (boots unavailable)
Stlth    +.........             (no amulet)
HPRegen  0.11/turn              (no ring)
MPRegen  0.10/turn              (no ring)

@: wereblooded (expiring)
A: large, unfitting armour, tough skin 1
a: no special abilities


You were on level 2 of the Dungeon.
You visited 1 branch of the dungeon, and saw 2 of its levels.

Inventory:

Missiles
 b - 21 poisoned darts
Armour
 a - a +0 robe (worn)
Scrolls
 c - a scroll of brand weapon {unknown}
 d - a scroll of teleportation {unknown}
 f - a scroll of magic mapping {unknown}
 h - a scroll of identify {unknown}
Potions
 e - a potion of curing {unknown}
 g - a potion of invisibility {unknown}


   Skills:
 - Level 1.3 Fighting
 - Level 1.7 Dodging
 + Level 3.5 Unarmed Combat
 - Level 2.4 Spellcasting
 + Level 2.9 Transmutations


You had one spell level left.
You knew the following spells:

 Your Spells              Type           Power      Damage    Failure   Level
a - Beastly Appendage     Tmut           20%        N/A       6%          1
b - Wereblood             Tmut           10%        N/A       10%         2
c - Blink                 Tloc           N/A        N/A       32%         2

Your spell library contained the following spells:

 Spells                   Type           Power      Damage    Failure   Level
 Corona                   Hex            1%         N/A       22%         1
 Spider Form              Tmut/Pois      3%         N/A       34%         3
 Lesser Beckoning         Tloc           0%         N/A       54%         3
 Ice Form                 Ice/Tmut       6%         N/A       75%         4
 Manifold Assault         Tloc           1%         N/A       99%         5


Dungeon Overview and Level Annotations

Branches:
Dungeon (2/15)

Altars:


Innate Abilities, Weirdness & Mutations

You are too large for most types of armour.
You have tough skin. (AC +1)


Message History

You are too injured to fight recklessly!
You are too injured to fight recklessly!
You miss the adder. Your kick misses the adder.
The adder is heavily wounded.
You feel sick. The adder closely misses you.
You barely miss the adder. Your headbutt misses the adder.
The adder is heavily wounded.
You feel sick. The adder bites you.
You miss the adder. Your kick misses the adder. You headbutt the adder.
You feel a bit better.
You kill the adder!
Your horns disappear.
Your talons disappear.
You feel sick.
You barely miss the hobgoblin.
You feel sick. The hobgoblin completely misses you.
You hit the hobgoblin but do no damage.
You feel sick. The hobgoblin closely misses you.
You hit the hobgoblin.
The hobgoblin is heavily wounded.
You feel sick.
You are no longer poisoned.
The hobgoblin barely misses you.
You hit the hobgoblin.
You feel a bit better.
You kill the hobgoblin!
The goblin shoots a sling bullet.
The sling bullet hits you.
* * * LOW HITPOINT WARNING * * *
Your primal bloodlust is almost over.
The goblin unwields a +0 hunting sling.
The goblin wields a +0 club.
The goblin hits you with a +0 club.
* * * LOW HITPOINT WARNING * * *
Things that are here:
a +0 dagger; a hobgoblin corpse You closely miss the goblin.
An endoplasm comes into view.
The goblin hits you but does no damage.
The endoplasm quivers.
You hit the goblin.
The goblin is heavily wounded.
The goblin hits you with a +0 club.
You die...

...#.### .'...
#.J# #.### #...#
#...# #...# #..g#
###@# #.## #..#
##.## ######..#
#.....#.#
#....>#.##
#.....#..# .#
######.....##.##.#


You could see an endoplasm and a goblin.

Vanquished Creatures
  2 adders (D:2)
  A ball python (D:1)
  4 endoplasms (D:1)
  A giant cockroach (D:1)
  A goblin (D:2)
  3 hobgoblins
  6 jackals
  3 kobolds (D:1)
  A quokka (D:1)
  6 bats (D:1)
  7 rats (D:1)
35 creatures vanquished.

Vanquished Creatures (others)
  2 fungi (D:1)
  A plant (D:1)
3 creatures vanquished.

Grand Total: 38 creatures vanquished

Notes
Turn   | Place    | Note
-------+----------+-------------------------------------------
     0 | D:1      | sasquatch the Ogre Transmuter began the quest for the Orb.
     0 | D:1      | Reached XP level 1. HP: 19/19 MP: 3/3
   163 | D:1      | You fall into a shaft and drop 1 floor!
   219 | D:1      | Reached XP level 2. HP: 12/27 MP: 3/5
   473 | D:1      | Learned a level 2 spell: Wereblood
   484 | D:1      | Reached skill level 3 in Unarmed Combat
   908 | D:1      | Reached XP level 3. HP: 33/33 MP: 2/6
   959 | D:1      | Found a faded altar of an unknown god.
   963 | D:1      | Got Plato's Disquisition on Hexes
   968 | D:1      | Learned a level 2 spell: Blink
  1529 | D:2      | Slain by a goblin

Illustrated notes

Levels and vault maps discovered:
D:1:      amcnicky_arrival_double_pillar, layout_basic,
          shapermc_ecumenical_altar_rom_forum
D:2:      layout_basic, uniq_robin, uniq_sigmund

Skill      XL: |  1  2 |
---------------+-------+-----
Transmutations | 2 |  2.9
Unarmed Combat | 3 |  3.5
Fighting       | |  1.3
Dodging        | |  1.7
Spellcasting   | |  2.4

Action                   || total
-------------------------++-------
Melee: Unarmed           ||   131
       Kick              ||    15
       Headbutt          ||     7
 Cast: Beastly Appendage ||    15
       Wereblood         ||     5
Armor: Robe              ||    65
Dodge: Dodged            ||   111
